 Dungeon Crawl Stone Soup version 0.30.0-29-ga12c61a403 (webtiles) character file.

Game seed: 5460448553565169208

9934 Graphine the Cleaver (level 11, -9/101 HPs)
             Began as a Hill Orc Fighter on June 20, 2023.
             Was a Priest of the Shining One.
             Mangled by a gargoyle
             ... wielding a +0 mace
              (23 damage)
             ... on level 12 of the Dungeon.
             The game lasted 00:18:37 (9666 turns).

Graphine the Cleaver (Hill Orc Fighter)             Turns: 9666, Time: 00:18:38

Health: -9/101     AC:  8    Str: 24    XL:     11   Next: 54%
Magic:  19/19      EV: 10    Int:  8    God:    the Shining One [***...]
Gold:   519        SH:  0    Dex: 14    Spells: 10/10 levels left

rFire   . . .        a - +3 war axe (venom)
rCold   + . .        K - +0 kite shield
rNeg    + . .        E - +5 ring mail
rPois   +            (no helmet)
rElec   .            c - +2 cloak "Magrao" {-Cast Rampage Dex+4 SInv}
rCorr   .            (no gloves)
SInv    +            D - +0 pair of boots
Will    .....        v - amulet of reflection Stlth
                     (no ring)
HPRegen 0.36/turn    (no ring)
MPRegen 0.16/turn

%: no spellcasting, reflection, rampage
@: confused, divinely shielded, ambrosia-drunk, corroded, glowing
A: cold resistance 1, poison resistance, sturdy frame 1
a: Renounce Religion, Divine Shield, Cleansing Flame


You were on level 12 of the Dungeon.
You worshipped the Shining One.
The Shining One was most pleased with you.
You visited 2 branches of the dungeon, and saw 11 of its levels.
You also visited: Ossuary.

You collected 519 gold pieces.

Inventory:

Hand Weapons
 a - a +3 war axe of venom (weapon)
 h - a +3 dagger
 C - the +5 spear "Graphine's Curse" {heavy, rC+ Str+3 Int-2}
   (You found it on level 5 of the Dungeon)

   Str:       It affects your strength (+3).
   Int:       It affects your intelligence (-2).
   rC:        It protects you from cold.
 H - a +5 flail
Armour
 c - the +2 cloak "Magrao" (worn) {-Cast Rampage Dex+4 SInv}
   (You found it on level 8 of the Dungeon)

   Dex:       It affects your dexterity (+4).
   SInv:      It lets you see invisible.
   -Cast:     It prevents spellcasting.
   Rampage:   It bestows one free step when moving towards enemies.
 k - a +0 chain mail
 D - a +0 pair of boots (worn)
 E - a +5 ring mail (worn)
 K - a +0 kite shield (worn)
Jewellery
 v - an amulet of reflection (around neck)
 G - a ring of magical power
Wands
 d - a wand of light (1)
 r - a wand of mindburst (28)
 F - a wand of flame (12)
 I - a wand of charming (9)
Scrolls
 b - a scroll of enchant armour
 e - a scroll of fear
 m - a scroll of identify
 o - 6 scrolls of teleportation
 p - 4 scrolls of vulnerability
 t - a scroll of fog
 B - 2 scrolls of amnesia
Potions
 f - a potion of resistance
 g - a potion of invisibility
 i - 8 potions of curing
 j - 3 potions of haste
 l - 2 potions of lignification
 q - a potion of mutation
 u - a potion of brilliance {unknown}
 w - 3 potions of ambrosia
 x - a potion of might
 z - a potion of attraction {unknown}
 A - a potion of cancellation {unknown}


   Skills:
 + Level 10.6 Fighting
 + Level 11.1 Axes
 - Level 9.0 Armour
 - Level 9.0 Shields
 + Level 10.7 Invocations


You had 10 spell levels left.
You didn't know any spells.
Your spell library contained the following spells:

 Spells                   Type           Power      Damage    Failure   Level
 Magic Dart               Conj           0%         1d3       67%         1
 Slow                     Hex            0%         N/A       67%         1
 Summon Small Mammal      Summ           0%         N/A       67%         1
 Call Imp                 Summ           0%         N/A       80%         2
 Sublimation of Blood     Necr           0%         N/A       80%         2
 Wereblood                Tmut           0%         N/A       80%         2
 Call Canine Familiar     Summ           0%         N/A       95%         3
 Confusing Touch          Hex            0%         N/A       95%         3
 Mephitic Cloud           Conj/Pois/Air  0%         N/A       95%         3
 Stone Arrow              Conj/Erth      0%         3d7       95%         3
 Summon Guardian Golem    Hex/Summ       0%         N/A       95%         3
 Vampiric Draining        Necr           0%         2d6       95%         3
 Volatile Blastmotes      Fire/Tloc      0%         2d10      95%         3
 Animate Armour           Summ/Erth      0%         N/A       100%        4
 Fulminant Prism          Conj/Hex       0%         3d5       100%        4
 Iskenderun's Mystic Bla  Conj/Tloc      0%         2d3       100%        4
 Lee's Rapid Deconstruct  Erth           0%         3d4*      100%        5
 Conjure Ball Lightning   Conj/Air       0%         3x3d6     100%        6
 Summon Hydra             Summ           0%         N/A       100%        7
 Discord                  Hex            0%         N/A       100%        8
 Disjunction              Tloc           0%         N/A       100%        8
 Lehudib's Crystal Spear  Conj/Erth      0%         10d2      100%        8


Dungeon Overview and Level Annotations

Branches:
Dungeon (9/15)             Temple (1/1) D:4            Lair (0/5) D:8
Ossuary (visited)
    Orc: D:9-12

Altars:
Ashenzari
Cheibriados
Dithmenos
Gozag
Kikubaaqudgha
Makhleb
Okawaru
Qazlal
Sif Muna
Trog
Uskayaw
Vehumet
Xom
Yredelemnul
Zin
The Shining One

Shops:
D:3 (   D:8 [


Innate Abilities, Weirdness & Mutations

Your flesh is cold resistant. (rC+)
Your system is resistant to poisons. (rPois)
Your movements are slightly less encumbered by armour. (ER -2)


Message History

You block the two-headed ogre's attack.
The two-headed ogre hits you with a +0 giant club!!
* * * LOW HITPOINT WARNING * * *
You are confused.
You feel invigorated.
A gargoyle comes into view. It is wielding a +0 flail.
You feel better.
You feel less invigorated. The two-headed ogre misses you.
You block the two-headed ogre's attack.
A gargoyle comes into view. It is wielding a +0 flail.
You slash the two-headed ogre!
The two-headed ogre looks as sick as possible!
The two-headed ogre is severely wounded.
The two-headed ogre hits you with a +0 giant club!
* * * LOW HITPOINT WARNING * * *
You block the two-headed ogre's attack.
You hit the two-headed ogre but do no damage.
The two-headed ogre looks as sick as possible!
The two-headed ogre is almost dead.
The howler monkey hoots and howls with incredible vigour!
You slash the two-headed ogre!
You kill the two-headed ogre!
Your Axes skill increases to level 11!
As you read the scroll of fear, it crumbles to dust.
You assume a fearsome visage.
The gargoyle is unaffected. x3
The howler monkey looks frightened! x2; The howler monkey looks more healthy.
The gargoyle hurls a stone arrow at you.
You block stone arrow... and reflect it back!
The stone arrow hits the gargoyle.
You hit the gargoyle.
The gargoyle is moderately damaged.
You block the gargoyle's attack.
You hit the gargoyle but do no damage.
The gargoyle is moderately damaged.
You block the gargoyle's attack.
You hit the gargoyle but do no damage.
The gargoyle is moderately damaged.
You block the gargoyle's attack. x2
You are confused.
You feel invigorated. The gargoyle hits you with a +0 mace!!
You die...

. .. #.###### (..
#......# ....
######.# .#... #.#
.....9##### #.#
.....99@..###.####
......###....[...#
.#../ #..##.##.#
.... #[....# # h..
##.##..... ##
#.##.##.# #.#...
#..... ### ..


You could see 3 gargoyles and a howler monkey (blind, fleeing).

Vanquished Creatures
  A two-headed ogre (D:12)
  A centaur warrior (D:8)
  Pikel (D:7)
  Joseph (D:7)
  A rime drake (D:8)
  A polar bear (D:8)
  A troll (D:9)
  3 hornets
  A wraith (D:9)
  A vampire (D:9)
  2 wyverns
  3 yaks (D:8)
  Eustachio (D:4)
  Menkaure (D:4)
  A steam dragon (D:8)
  2 acid dragons
  A water moccasin (D:7)
  7 ice beasts
  2 hornet zombies (Ossuary)
  2 orc warriors
  2 centaurs
  2 ogres
  2 wolves (D:8)
  A phantom (D:4)
  6 kobold brigands
  10 bullfrogs
  4 scorpions
  A water moccasin zombie (Ossuary)
  2 gnoll sergeants
  4 wights
  2 killer bees (D:8)
  A howler monkey (D:6)
  2 centaur zombies (Ossuary)
  2 quasits (D:6)
  5 hounds
  Crazy Yiuf (D:4)
  5 bullfrog zombies (Ossuary)
  3 orc priests
  6 iguanas
  2 sleepcaps
  5 orc wizards
  Natasha (thrice) (D:3)
  4 killer bee zombies (Ossuary)
  12 mummies (Ossuary)
  12 gnolls
  12 adders
  4 shadow imps (D:6)
  6 white imps
  5 ufetubi
  2 worms (D:2)
  A dart slug (D:2)
  19 orcs
  7 endoplasms
  A giant cockroach (D:2)
  7 goblins
  8 hobgoblins
  5 jackals
  21 kobolds
  2 quokkas
  6 ball pythons
  6 bats
  4 frilled lizards
  A rat (D:1)
250 creatures vanquished.

Vanquished Creatures (others)
  A sky beast (D:8)
  A shadow imp (D:8)
2 creatures vanquished.

Grand Total: 252 creatures vanquished

Notes
Turn   | Place    | Note
-------+----------+-------------------------------------------
     0 | D:1      | Graphine the Hill Orc Fighter began the quest for the Orb.
     0 | D:1      | Reached XP level 1. HP: 19/19 MP: 1/1
   124 | D:1      | Reached XP level 2. HP: 27/27 MP: 2/2
   414 | D:1      | Reached skill level 3 in Axes
   648 | D:1      | Reached skill level 1 in Invocations
   967 | D:2      | Reached XP level 3. HP: 32/33 MP: 3/3
  1055 | D:2      | Found a shimmering altar of Xom.
  1851 | D:2      | Reached XP level 4. HP: 34/40 MP: 5/5
  1962 | D:3      | Found Jochoria's Antique Weapon Boutique.
  2063 | D:3      | Identified the +6 ring mail of Ru's Delight {-Cast rElec
                  | rC- Dex+6}
  2065 | D:3      | Found a hide-covered altar of Uskayaw.
  2131 | D:3      | Noticed Natasha
  2153 | D:3      | Killed Natasha
  2154 | D:3      | Reached XP level 5. HP: 11/47 MP: 6/6
  2325 | D:3      | Noticed Natasha
  2340 | D:3      | Killed Natasha
  2358 | D:3      | Noticed Natasha
  2368 | D:3      | Killed Natasha
  2369 | D:3      | Reached skill level 4 in Axes
  2568 | D:3      | Found a shadowy altar of Dithmenos.
  2571 | D:3      | Found a bloodstained altar of Trog.
  2681 | D:3      | Found a radiant altar of Vehumet.
  2684 | D:3      | Found a basalt altar of Yredelemnul.
  2898 | D:3      | Found a faded altar of an unknown god.
  3086 | D:4      | Noticed Eustachio
  3257 | D:4      | Killed Eustachio
  3258 | D:4      | Reached skill level 5 in Fighting
  3258 | D:4      | Reached XP level 6. HP: 13/56 MP: 8/8
  3465 | D:4      | Noticed Menkaure
  3471 | D:4      | Killed Menkaure
  3472 | D:4      | Reached XP level 7. HP: 61/61 MP: 9/9
  3477 | D:4      | Reached skill level 5 in Axes
  3489 | D:4      | Found a stormy altar of Qazlal.
  3538 | D:4      | Reached skill level 5 in Armour
  3538 | D:4      | Reached skill level 5 in Shields
  3624 | D:4      | Found a sand-covered staircase.
  3640 | Ossuary  | Entered an ossuary
  3697 | Ossuary  | Reached XP level 8. HP: 44/70 MP: 11/11
  3772 | Ossuary  | Reached skill level 5 in Invocations
  3944 | Ossuary  | Reached skill level 6 in Axes
  4379 | D:4      | Gained mutation: You passively map a small area around you.
                  | [potion of mutation]
  4593 | D:4      | Found a runed translucent door.
  4594 | D:4      | Noticed Crazy Yiuf
  4600 | D:4      | Killed Crazy Yiuf
  4690 | D:4      | Found a staircase to the Ecumenical Temple.
  4701 | Temple   | Entered the Ecumenical Temple
  4713 | Temple   | Became a worshipper of the Shining One
  4926 | D:4      | Found a burning altar of Makhleb.
  5179 | D:5      | Entered Level 5 of the Dungeon
  5372 | D:5      | Lost mutation: You passively map a small area around you.
                  | [potion of mutation]
  5372 | D:5      | Gained mutation: Your movements are slightly less
                  | encumbered by armour. (ER -2) [potion of mutation]
  5372 | D:5      | Gained mutation: Your flesh is cold resistant. (rC+)
                  | [potion of mutation]
  5372 | D:5      | Gained mutation: Your system is resistant to poisons.
                  | (rPois) [potion of mutation]
  5548 | D:5      | Identified the +5 spear "Graphine's Curse" {heavy, rC+
                  | Str+3 Int-2}
  5573 | D:5      | Reached XP level 9. HP: 71/79 MP: 13/13
  5604 | D:5      | Reached skill level 7 in Axes
  6035 | D:6      | Reached * piety under the Shining One
  6774 | D:6      | Reached ** piety under the Shining One
  6804 | D:6      | Reached skill level 8 in Axes
  7169 | D:7      | Noticed Joseph
  7184 | D:7      | Killed Joseph
  7185 | D:7      | Reached XP level 10. HP: 28/88 MP: 15/15
  7462 | D:7      | Noticed Pikel
  7475 | D:7      | Killed Pikel
  7846 | D:7      | Reached skill level 9 in Axes
  8296 | D:8      | Found a staircase to the Lair.
  8456 | D:8      | Found Puenieze's Antique Armour Shoppe.
  8591 | D:8      | Noticed a centaur warrior
  8699 | D:8      | Reached XP level 11. HP: 97/97 MP: 18/18
  8703 | D:8      | Reached skill level 10 in Axes
  8725 | D:8      | Killed a centaur warrior
  8742 | D:8      | Reached skill level 10 in Fighting
  8742 | D:8      | Reached skill level 10 in Invocations
  8802 | D:8      | Identified the +2 cloak "Magrao" {-Cast Rampage Dex+4 SInv}
  8928 | D:8      | Reached *** piety under the Shining One
  9196 | D:9      | Paralysed by a hornet for 2 turns
  9620 | D:9      | You fall into a shaft and drop 3 floors!
  9638 | D:12     | Noticed a two-headed ogre
  9656 | D:12     | HP: 1/101 [two-headed ogre/+0 giant club (22)]
  9661 | D:12     | Killed a two-headed ogre
  9662 | D:12     | Reached skill level 11 in Axes
  9666 | D:12     | Mangled by a gargoyle

Illustrated notes

Levels and vault maps discovered:
D:1:      lightli_molten_gateway, layout_loops_corners
D:2:      layout_loops_corners, basic_altar, nicolae_titane
D:3:      layout_basic, nicolae_uskayaw_dance_hall,
          grunt_temple_overflow_cloverleaf, basic_ecumenical_altar,
          serial_shops, shop, uniq_natasha
D:4:      layout_basic, grunt_qazlal_sundering, marbit_many_paths,
          minmay_temple_entry_junction, nicolae_ossuary_entry_monument,
          minmay_door_square, saegor_snake_ambush, uniq_crazy_yiuf_cottage,
          uniq_menkaure, uniq_eustachio
D:5:      layout_basic
D:6:      layout_rooms, serial_demonic, serial_demonic_e, serial_demonic_g,
          serial_demonic_a, serial_demonic_c, serial_demonic_a,
          serial_demonic_g, serial_demonic_g, chequers_serial_rivers_small_b,
          minmay_puff
D:7:      layout_basic, moated_statue, hex_medium, kennysheep_another_room,
          nrook_campfire, uniq_joseph, uniq_pikel
D:8:      minmay_clustersquares, layout_basic, hellmonk_lair_entry_icy,
          serial_shops, nicolae_shop_stone
D:9:      layout_big_octagon
D:12:     layout_loops_cross
Temple:   eino_wide_crystal_templ

Skill      XL: |  1  2  3  4  5  6  7  8  9 10 11 |
---------------+----------------------------------+-----
Axes           | 3 4 5 6 8 9 11 | 11.1
Invocations    | 1 2 3 4 6 7 9 10 | 10.7
Fighting       | 4 5 7 8 9 10 | 10.6
Armour         | 4 5 6 7 8 9 |  9.0
Shields        | 4 5 6 7 8 9 |  9.0

Action                     |  1- 3 |  4- 6 |  7- 9 | 10-12 || total
---------------------------+-------+-------+-------+-------++-------
  Melee: War axe           |   137 |    95 |   406 |   209 ||   847
 Invoke: Divine Shield     |       |       |       |     3 ||     3
  Evoke: Wand              |       |     1 |     3 |     5 ||     9
    Use: Scroll            |     7 |     7 |     8 |     6 ||    28
         Potion            |       |     1 |     3 |     7 ||    11
 Armour: Scale mail        |    70 |    10 |       |       ||    80
         Chain mail        |       |    49 |   123 |       ||   172
         Ring mail         |       |       |    32 |    90 ||   122
  Dodge: Dodged            |    71 |    43 |   145 |    84 ||   343
  Block: Buckler           |    37 |    22 |   185 |    85 ||   329
         Reflection        |       |       |     4 |     5 ||     9
         Kite shield       |       |       |       |    94 ||    94
